 Dungeon Crawl Stone Soup version 0.17-a0-2014-g32cd421 (webtiles) character file.

1527 Goblin1989 the Martial Artist (level 8, -1/43 HPs)
             Began as a Vine Stalker Monk on Oct 9, 2015.
             Slain by a hill giant
             ... wielding a +0 giant club
              (28 damage)
             ... on level 7 of the Dungeon.
             The game lasted 00:33:01 (4900 turns).

Goblin1989 the Martial Artist (Vine Stalker Monk)   Turns: 4900, Time: 00:33:01

Health: -1/43      AC: 14    Str: 15    XL:     8   Next: 85%
Magic:  0/9        EV: 13    Int: 10    God:
Gold:   253        SH:  0    Dex: 18    Spells: 0 memorised, 7 levels left

rFire  . . .     SeeInvis .       - Unarmed
rCold  . . .     Clarity  .     p - +0 chain mail
rNeg   . . .     SustAt   .     (no shield)
rPois  .         Gourm    .     q - +0 helmet
rElec  .         Spirit   +     l - +0 cloak
rCorr  .         Warding  .     d - +0 pair of gloves
rMut   .         Stasis   .     C - +1 pair of boots
MR     ++...                    (no amulet)
Stlth  ..........               g - +6 ring of evasion
                                y - ring of protection from magic

@: lethally poisoned (-1 -> -2), about to teleport, very resistant to hostile
enchantments, extremely unstealthy
A: fangs 3, regeneration 2, magic shield, antimagic bite, no device heal 3, rot
immunity
a: no special abilities


You were on level 7 of the Dungeon.
You were not hungry.

You visited 2 branches of the dungeon, and saw 8 of its levels.

You collected 309 gold pieces.
You spent 56 gold pieces at shops.

Inventory:

Armour
 d - a +0 pair of gloves (worn)
 l - a +0 cloak (worn)
 p - a +0 chain mail (worn)
 q - a +0 helmet (worn)
 C - a +1 pair of boots (worn)
Jewellery
 e - an uncursed ring of poison resistance
 g - a +6 ring of evasion (right hand)
 r - an uncursed ring of protection from cold
 v - an uncursed ring of protection from magic
 y - a ring of protection from magic (left hand)
Wands
 m - a wand of magic darts (11)
 t - a wand of flame (0)
 x - a wand of flame (17)
 E - a wand of confusion (27)
Scrolls
 c - 2 scrolls of teleportation
 i - 2 scrolls of fog {unknown}
 j - 2 scrolls of amnesia {unknown}
 k - 4 scrolls of remove curse {unknown}
 s - 2 scrolls of noise {unknown}
 u - a scroll of enchant weapon {unknown}
 D - a scroll of blinking {unknown}
Potions
 a - 2 potions of berserk rage
 f - 9 potions of curing (quivered)
 h - 3 potions of degeneration {unknown}
 o - a potion of brilliance {unknown}
 w - 3 potions of flight
 z - 3 potions of lignification
 A - 2 potions of agility
 F - a potion of invisibility {unknown}
Comestibles
 b - 2 bread rations
 n - 3 meat rations
 B - 2 chunks of flesh


   Skills:
 + Level 5.2 Fighting
 + Level 2.4 Armour
 - Level 2.4 Dodging
 - Level 2.4 Stealth
 * Level 9.8 Unarmed Combat


You had 7 spell levels left.
You didn't know any spells.

Dungeon Overview and Level Annotations

Branches:
Dungeon (7/15)             Temple (1/1) D:4

Altars:
Ashenzari
Dithmenos
Elyvilon
Fedhas
Gozag
Kikubaaqudgha
Nemelex Xobeh
Qazlal
Ru
Yredelemnul
Zin
The Shining One

Shops:
D:6 !

Annotations:
D:3 Nico3ck's ghost, amateur OgBe
D:7 Menkaure


Innate Abilities, Weirdness & Mutations

You have razor-sharp teeth.
You heal very quickly.
When hurt, damage is shared between your health and your magic reserves.
Your bite disrupts and absorbs the magic of your enemies.
Potions and wands cannot restore your health.
You are immune to rotting.


Message History

You are poisoned.
The adder poisons you!
The hill giant hits you with a giant club.
You closely miss the adder.
The adder is almost dead.
You feel sick. The adder bites you but does no damage.
The adder bites you but does no damage.
You punch the adder!
You kill the adder!
The hill giant barely misses you.
You feel sick.
Level annotation: Menkaure Welcome back, Goblin1989 the Vine Stalker Monk.
Press ? for a list of commands and other information.
Read which item? (? for menu, Esc to quit)
As you read the scroll of teleportation, it crumbles to dust.
You feel strangely unstable.
The hill giant hits you with a giant club!!
Ouch! That really hurt!
You die...

#...............
#......).......
##............. #
###.........## #
###.....### ## ####
##รท.### .## #..## #..##
..# ##..#######.## ###..
.## #...##..C@..#####.....
##
######.....####..........#
# .###......#####
###........# # ..)...#####
#........# # #.#####
#........# # #.#
#........# # #>#
##.......# ## #.#
#<......####. #.#
##........##.


You could see a hill giant.

Vanquished Creatures
  A hippogriff (D:7)
  2 ogres
  A phantom (D:7)
  A centaur (D:6)
  A giant frog (D:7)
  3 scorpions
  3 hounds
  A centaur zombie (D:7)
  3 crimson imps
  A giant frog zombie (D:6)
  3 orc priests
  2 jellies
  A giant frog skeleton (D:7)
  A centaur skeleton (D:7)
  2 orc wizards
  Natasha (twice) (D:2)
  An iguana (D:4)
  2 worker ants
  A hound skeleton (D:7)
  Robin (D:1)
  A worker ant zombie (D:7)
  4 adders
  4 gnolls (D:5)
  A shadow imp (D:5)
  2 worms
  6 giant geckos
  17 orcs
  6 bats
  3 giant cockroaches
  11 goblins
  6 hobgoblins
  5 jackals
  7 kobolds
  4 quokkas
  A ball python skeleton (D:5)
  3 giant newts
  2 rats (D:2)
116 creatures vanquished.

Notes
Turn   | Place    | Note
--------------------------------------------------------------
     0 | D:1      | Goblin1989 the Vine Stalker Monk began the quest for the Orb.
     0 | D:1      | Reached XP level 1. HP: 11/11 MP: 2/2
   108 | D:1      | Reached XP level 2. HP: 13/16 MP: 3/3
   778 | D:2      | Reached XP level 3. HP: 19/19 MP: 4/4
   829 | D:2      | Reached skill level 5 in Unarmed Combat
   931 | D:2      | Noticed Robin
   967 | D:1      | Killed Robin
   985 | D:2      | Reached XP level 4. HP: 21/23 MP: 5/5
  1081 | D:2      | Noticed Natasha
  1095 | D:2      | Killed Natasha
  1210 | D:2      | Noticed Natasha
  1216 | D:2      | Killed Natasha
  1234 | D:2      | Reached skill level 6 in Unarmed Combat
  1314 | D:3      | Found a stormy altar of Qazlal.
  1612 | D:3      | Noticed Nico3ck's ghost (amateur OgBe)
  1772 | D:4      | Reached XP level 5. HP: 27/27 MP: 6/6
  1873 | D:4      | Reached skill level 7 in Unarmed Combat
  2021 | D:4      | Gained mutation: You heal very quickly. [Vine Stalker growth]
  2021 | D:4      | Reached XP level 6. HP: 32/32 MP: 7/7
  2048 | D:4      | Noticed an ogre
  2053 | D:4      | Killed an ogre
  2105 | D:4      | Found a staircase to the Ecumenical Temple.
  2111 | Temple   | Entered the Ecumenical Temple
  2473 | D:5      | Entered Level 5 of the Dungeon
  2481 | D:5      | Reached skill level 8 in Unarmed Combat
  2584 | D:5      | Reached XP level 7. HP: 21/35 MP: 4/8
  3818 | D:7      | Noticed Menkaure
  4282 | D:6      | Gained mutation: You have razor-sharp teeth. [Vine Stalker growth]
  4282 | D:6      | Reached XP level 8. HP: 42/42 MP: 9/9
  4434 | D:6      | Found Qaawo's Distillery.
  4437 | D:6      | Bought a potion of agility for 56 gold pieces
  4559 | D:6      | Reached skill level 1 in Armour
  4578 | D:7      | Reached skill level 9 in Unarmed Combat
  4644 | D:7      | Noticed a hippogriff
  4654 | D:7      | Killed a hippogriff
  4674 | D:7      | Reached skill level 5 in Fighting
  4812 | D:7      | Noticed a hill giant
  4900 | D:7      | Slain by a hill giant

Vault maps used:
D:1:      minmay_arrival_four_houses, kennysheep_another_room, corner_web_ring
D:2:      st_stairs_9, uniq_natasha, uniq_robin
D:3:      first_bread, nicolae_qazlal_general_emergency, uniq_crazy_yiuf_cottage
D:4:      minmay_temple_entry_fiery
D:6:      serial_shops, kennysheep_mini_moat
D:7:      grunt_temple_overflow_lords_of_destruction, serial_shops, shop,
          uniq_menkaure
Temple:   triangle_lava_temple_12

Action                   |  1- 3 |  4- 6 |  7- 9 || total
-------------------------+-------+-------+-------++-------
Melee: Unarmed           |    73 |   164 |   164 ||   401
Evoke: Wand              |       |     7 |     5 ||    12
  Use: Potion            |     1 |       |       ||     1
       Scroll            |       |       |     9 ||     9
 Stab: Sleeping          |     4 |     1 |       ||     5
       Distracted        |     1 |       |       ||     1
  Eat: Chunk             |       |     4 |     2 ||     6
       Beef jerky        |       |     1 |       ||     1
       Meat ration       |       |       |     1 ||     1
       Pizza             |       |       |     1 ||     1
